 Dungeon Crawl Stone Soup version 0.21.1-1-g345015fe64 (webtiles) character file.

4684 Henning the Cleaver (level 10, -9/84 HPs)
             Began as a Minotaur Fighter on June 13, 2018.
             Was a Believer of Trog.
             Mangled by an orc knight
             ... wielding a +0 trident
              (21 damage)
             ... in a bailey.
             The game lasted 00:34:49 (7590 turns).

Henning the Cleaver (Minotaur Fighter)              Turns: 7590, Time: 00:34:52

Health: -9/84      AC: 10    Str: 23    XL:     10   Next: 21%
Magic:  9/9        EV: 12    Int:  5    God:    Trog [**....]
Gold:   344        SH:  0    Dex: 14    Spells: 9/9 levels left

rFire    . . .     SeeInvis .   b - +0 halberd
rCold    . . .     Gourm    +   (shield currently unavailable)
rNeg     . . .     Faith    .   B - +1 scale mail of the Solstice {rCorr Dex+3}
rPois    .         Spirit   .   (helmet restricted)
rElec    .         Reflect  .   r - +0 cloak
rCorr    +         Harm     .   (no gloves)
MR       .....                  (no boots)
Stlth    ..........             n - amulet of the gourmand
HPRegen  0.24/turn              (no ring)
MPRegen  0.11/turn              (no ring)

@: no status effects
A: retaliatory headbutt, horns 2
a: Berserk, Trog's Hand, Burn Spellbooks, Renounce Religion


You were in a bailey.
You worshipped Trog.
Trog was pleased with you.
You were not hungry.

You visited 2 branches of the dungeon, and saw 9 of its levels.
You also visited: Sewer and Bailey.

You collected 344 gold pieces.

Inventory:

Hand Weapons
 a - a +0 war axe
 b - a +0 halberd (weapon)
 z - a +3 hunting sling
Missiles
 q - 6 tomahawks (quivered)
Armour
 c - a +0 shield
 j - a +3 large shield
 r - a +0 cloak (worn)
 s - a +1 chain mail of poison resistance
 B - the +1 scale mail of the Solstice (worn) {rCorr Dex+3}
   (You found it on level 5 of the Dungeon)

   It affects your dexterity (+3).
   It protects you from acid and corrosion.
Jewellery
 n - an amulet of the gourmand (around neck)
Wands
 k - a wand of enslavement (11)
 t - a wand of clouds (5)
 y - a wand of iceblast (11)
 A - a wand of paralysis (19)
Scrolls
 e - 2 scrolls of identify
 h - a scroll of blinking
 w - 2 scrolls of remove curse
Potions
 d - 8 potions of curing
 g - a potion of invisibility
 i - 3 potions of might
 l - 2 potions of haste
 m - a potion of resistance
 p - a potion of mutation
 u - a potion of berserk rage
 x - 2 potions of flight
Comestibles
 f - 12 rations


   Skills:
 + Level 6.9 Fighting
 + Level 11.0 Axes
 + Level 7.5 Armour
 + Level 3.7 Dodging
 + Level 1.0 Stealth
 + Level 10.7 Shields
 + Level 0.2 Evocations


You had 9 spell levels left.
You didn't know any spells.

Dungeon Overview and Level Annotations

Branches:
Dungeon (8/15)             Temple (1/1) D:6
   Lair: D:8-11

Altars:
Ashenzari
Cheibriados
Dithmenos
Elyvilon
Fedhas
Gozag
Hepliaklqana
Kikubaaqudgha
Makhleb
Nemelex Xobeh
Okawaru
Qazlal
Sif Muna
Trog
Uskayaw
Wu Jian
Xom
Yredelemnul
Zin
The Shining One

Shops:
D:5 *

Annotations:
D:2 Sigmund


Innate Abilities, Weirdness & Mutations

You reflexively headbutt those who attack you in melee.
You have a pair of horns on your head.


Message History

The orc warrior shoots a bolt.
The bolt barely misses you. The orc hits you but does no damage.
The orc knight hits you but does no damage.
Attack whom?
Press: ? - help, Dir - move target cursor, f/p - orc warrior
Aim: an orc warrior, wielding an arbalest and wearing a chain mail (unusually strong)
You reach to attack!
You closely miss the orc warrior.
The orc warrior shoots a bolt.
The bolt barely misses you.
The orc hits you from afar with a spear!
The orc knight hits you but does no damage.
Attack whom?
Press: ? - help, Dir - move target cursor, f/p - orc warrior
Aim: an orc warrior, wielding an arbalest and wearing a chain mail (unusually strong)
You reach to attack!
You hit the orc warrior but do no damage.
The orc hits you from afar with a spear!
The orc warrior shoots a bolt.
The bolt hits you!!
* * * LOW HITPOINT WARNING * * *
The orc knight hits you from afar with a trident!!
You die...

### #########∩##
#####
##.....##...##.....
#..≈≈≈..#...#..≈≈≈.
#.≈≈o≈≈.......≈≈o≈≈
+.≈.oo≈.......≈oo.≈
#.≈≈o≈≈(((((..≈≈o≈≈
#..≈≈≈@(#(()#..≈≈≈.
##.....##.∩.# .....
#########∩## ####
###


You could see an orc knight, an orc warrior and 2 orcs.

Vanquished Creatures
  Erica (D:8)
  The ghost of Ethylacetat the Carver, a novice DsFi of Okawaru (D:8)
  A komodo dragon (D:8)
  Eustachio (D:4)
  8 orc warriors
  An ice beast (D:7)
  3 phantoms
  2 ogres
  3 centaurs
  A big kobold (Sewer)
  4 bullfrogs
  2 scorpions (D:6)
  2 howler monkeys
  A crimson imp (D:5)
  A jelly (D:6)
  2 hounds
  11 orc wizards
  A centaur skeleton (D:5)
  Ijyb (D:3)
  2 iguanas
  Natasha (thrice) (D:2)
  3 worker ants (D:4)
  A hound zombie (D:5)
  A worker ant zombie (D:4)
  Robin (D:2)
  4 gnolls
  A river rat (Sewer)
  11 adders
  5 oozes
  A worm (D:2)
  2 dart slugs (D:2)
  7 leopard geckos
  33 orcs
  2 ball pythons
  4 bats
  11 giant cockroaches
  22 goblins
  7 hobgoblins
  9 jackals
  12 kobolds
  A quokka (D:6)
  9 frilled lizards
  A jackal skeleton (D:4)
  12 rats
212 creatures vanquished.

Vanquished Creatures (others)
  2 plants (D:8)
2 creatures vanquished.

Grand Total: 214 creatures vanquished

Notes
Turn   | Place    | Note
-------+----------+-------------------------------------------
     0 | D:1      | Henning the Minotaur Fighter began the quest for the Orb.
     0 | D:1      | Reached XP level 1. HP: 19/19 MP: 0/0
    82 | D:1      | Reached XP level 2. HP: 24/27 MP: 1/1
   196 | D:1      | Reached skill level 3 in Axes
   196 | D:1      | Reached XP level 3. HP: 25/33 MP: 2/2
   668 | D:2      | Noticed Robin
   678 | D:1      | Reached XP level 4. HP: 5/40 MP: 3/3
   969 | D:2      | Killed Robin
  1191 | D:1      | You fall through a shaft!
  1360 | D:2      | Noticed Natasha
  1365 | D:2      | Killed Natasha
  1365 | D:2      | Reached skill level 4 in Axes
  1365 | D:2      | Reached skill level 1 in Dodging
  1365 | D:2      | Reached XP level 5. HP: 43/46 MP: 4/4
  1432 | D:2      | Reached skill level 5 in Shields
  1733 | D:2      | Noticed Sigmund
  1752 | D:3      | Noticed an orc warrior
  1762 | D:3      | Killed an orc warrior
  1762 | D:3      | Reached XP level 6. HP: 49/53 MP: 5/5
  1781 | D:2      | Noticed Natasha
  1787 | D:2      | Killed Natasha
  2616 | D:2      | Noticed Natasha
  2620 | D:2      | Killed Natasha
  2815 | D:3      | Noticed Ijyb
  2832 | D:3      | Killed Ijyb
  3185 | D:3      | Reached skill level 5 in Armour
  3247 | D:4      | Reached skill level 5 in Axes
  3247 | D:4      | Reached XP level 7. HP: 56/60 MP: 6/6
  3356 | D:4      | Noticed Eustachio
  3374 | D:4      | Killed Eustachio
  3374 | D:4      | Reached skill level 5 in Fighting
  3551 | D:4      | Reached skill level 6 in Axes
  3600 | D:4      | Found a glowing drain.
  3615 | Sewer    | Entered a sewer
  3680 | Sewer    | Found a white marble altar of Elyvilon.
  3997 | D:3      | Found a bloodstained altar of Trog.
  3998 | D:3      | Found an ancient bone altar of Kikubaaqudgha.
  4015 | D:3      | Became a worshipper of Trog the Wrathful
  4342 | D:5      | Entered Level 5 of the Dungeon
  4430 | D:4      | Found a basalt altar of Yredelemnul.
  4507 | D:4      | Reached XP level 8. HP: 49/68 MP: 7/7
  4611 | D:5      | Reached skill level 7 in Axes
  4625 | D:5      | Found Getzom's General Store.
  4987 | D:5      | Reached * piety under Trog
  5108 | D:5      | Found a white marble altar of Elyvilon.
  5109 | D:5      | Found a glowing silver altar of Zin.
  5350 | D:5      | Got a faintly humming scale mail
  5361 | D:5      | Identified the +1 scale mail of the Solstice {rCorr Dex+3} (You found it on level 5 of the Dungeon)
  5506 | D:6      | Reached skill level 8 in Axes
  5676 | D:6      | Reached XP level 9. HP: 49/75 MP: 8/8
  5703 | D:6      | Found a shattered altar of Ashenzari.
  5790 | D:6      | Found a staircase to the Ecumenical Temple.
  5795 | D:6      | Reached ** piety under Trog
  5811 | Temple   | Entered the Ecumenical Temple
  6287 | D:7      | Reached skill level 9 in Axes
  6706 | D:7      | Found a stormy altar of Qazlal.
  6849 | D:8      | Noticed Ethylacetat's ghost (novice DsFi)
  6852 | D:8      | Noticed a komodo dragon
  6855 | D:8      | Noticed Erica
  6874 | D:8      | Killed Ethylacetat's ghost
  6874 | D:8      | Reached skill level 10 in Axes
  6874 | D:8      | Reached skill level 1 in Stealth
  6881 | D:8      | Killed Erica
  6881 | D:8      | Reached skill level 10 in Shields
  6881 | D:8      | Reached XP level 10. HP: 50/84 MP: 9/9
  7029 | D:8      | Found a flagged portal.
  7281 | Bailey   | Entered a bailey
  7281 | Bailey   | Noticed an orc knight
  7281 | Bailey   | Noticed an orc knight
  7304 | Bailey   | Reached skill level 11 in Axes
  7590 | Bailey   | Mangled by an orc knight

Skill      XL: |  1  2  3  4  5  6  7  8  9 10 |
---------------+-------------------------------+-----
Shields        | 4 5 6 7 9 10 | 10.7
Armour         | 4 5 6 7 |  7.5
Fighting       | 4 5 6 |  6.9
Axes           | 3 4 5 6 8 10 11 | 11.0
Dodging        | 1 2 3 |  3.7
Stealth        | 1 |  1.0
Evocations     | |  0.2

Action                   |  1- 3 |  4- 6 |  7- 9 | 10-12 || total
-------------------------+-------+-------+-------+-------++-------
Melee: War axe           |    95 |   171 |   323 |    27 ||   616
       Headbutt          |    11 |    28 |    59 |     7 ||   105
       Halberd           |       |       |       |     3 ||     3
Throw: Tomahawk          |       |       |       |     4 ||     4
Invok: Burn Spellbooks   |       |       |     3 |       ||     3
       Berserk           |       |       |     1 |     1 ||     2
       Trog's Hand       |       |       |     1 |     1 ||     2
Evoke: Wand              |       |       |       |     4 ||     4
  Use: Potion            |     1 |       |       |     2 ||     3
       Scroll            |       |       |    17 |       ||    17
  Eat: Chunk             |       |     8 |    21 |       ||    29
       Ration            |       |       |     1 |       ||     1
Armor: Scale mail        |    45 |    65 |    69 |    11 ||   190
Dodge: Dodged            |    31 |    32 |    40 |    16 ||   119
Block: Shield            |    32 |       |       |       ||    32
       Large shield      |    45 |   185 |   291 |    75 ||   596
